[Event "ICC tourney 2479 (75 10)"]
[Site "Internet Chess Club"]
[Date "2021.03.27"]
[Round "3"]
[White "FENG, AARON:aaronfeng"]
[Black "Button, Zach Ellis:zbutton"]
[Result "1-0"]
[ICCResult "Black resigns"]
[WhiteElo "1094"]
[BlackElo "1316"]
[Opening "Sicilian: Najdorf, 6.f4"]
[ECO "B93"]
[NIC "SI.12"]
[Time "19:02:06"]
[PlyCount "119"]
[TimeControl "4500+10"]

1. e4 c5 2. Nf3 d6 3. d4 cxd4 4. Nxd4 Nf6 5. Nc3 a6 6. f4 e6 7. Qf3 Qb6 8.
Nde2 Nc6 9. Qe3 Qxe3 10. Bxe3 b5 11. a3 Ng4 12. Bd2 Be7 13. h3 Nf6 14. g4
Bb7 15. g5 Nd7 16. b4 Rc8 17. Ng3 f6 18. h4 fxg5 19. hxg5 Nd4 20. Bd3 Nf3+
21. Ke2 Nxd2 22. Kxd2 O-O 23. Rhf1 e5 24. Nce2 exf4 25. Nxf4 Bxg5 26. Ne2
Rce8 27. Ke3 d5 28. c3 dxe4 29. Bc2 Ne5 30. Bb3+ Kh8 31. Rg1 h6 32. Raf1
Nf3 33. Rxg5 Rxf4 34. Nxf4 Nxg5 35. Ng6+ Kh7 36. Nf8+ Rxf8 37. Rxf8 h5 38.
Rf1 Kh6 39. Rh1 Nf3 40. Bc2 Ng5 41. Rh4 g6 42. Bd1 Nf3 43. Rh1 Kg5 44. Bc2
Kf5 45. Rf1 g5 46. Rxf3+ Kg4 47. Bxe4 Bxe4 48. Kxe4 h4 49. a4 h3 50. Rxh3
Kxh3 51. axb5 axb5 52. c4 g4 53. c5 g3 54. c6 g2 55. c7 g1=Q 56. c8=Q+ Kh4
57. Qh8+ Kg3 58. Qg8+ Kf2 59. Qxg1+ Kxg1 60. Kd5 { Black resigns } 1-0

[Event "ICC tourney 2479 (75 10)"]
[Site "Internet Chess Club"]
[Date "2021.03.28"]
[Round "4"]
[White "Wu, Terrain:Brainstormer"]
[Black "VASHISHT, ANEESH:aneeshgm2013"]
[Result "1-0"]
[ICCResult "Black checkmated"]
[WhiteElo "605"]
[BlackElo "698"]
[Opening "Robatsch (modern) defense"]
[ECO "B06"]
[NIC "KF.06"]
[Time "12:01:56"]
[PlyCount "73"]
[TimeControl "4500+10"]

1. e4 g6 2. Nf3 Bg7 3. Bc4 e6 4. d3 Nf6 5. Ng5 O-O 6. Nf3 d5 7. Bb3 dxe4 8.
dxe4 Nxe4 9. Qe2 Nf6 10. Bg5 Nbd7 11. O-O h6 12. Bh4 Qe8 13. Ba4 Nd5 14. c3
b6 15. c4 Nf4 16. Qe3 Nh5 17. Nc3 Bxc3 18. Qxc3 Bb7 19. Rfd1 c6 20. Qd2 Rd8
21. Bxd8 Qxd8 22. Qxd7 Qb8 23. Bxc6 Bxc6 24. Qxc6 Re8 25. Rd2 Rd8 26. Rad1
Rxd2 27. Rxd2 Qf4 28. Rd8+ Kg7 29. Kf1 Qc1+ 30. Ne1 Qxb2 31. Qc7 Qxa2 32.
Rd7 a5 33. Rxf7+ Kg8 34. Qe7 Qxc4+ 35. Kg1 Qc8 36. Rh7 a4 37. Qf7# { Black
checkmated } 1-0

[Event "ICC tourney 2479 (75 10)"]
[Site "Internet Chess Club"]
[Date "2021.03.28"]
[Round "4"]
[White "CAI, ANDREW:minecraftchess"]
[Black "KAMATH, ABHAY:Altra26"]
[Result "1-0"]
[ICCResult "Black checkmated"]
[WhiteElo "845"]
[BlackElo "357"]
[Opening "Pirc: classical (two knights) system"]
[ECO "B08"]
[NIC "PU.10"]
[Time "12:02:13"]
[PlyCount "53"]
[TimeControl "4500+10"]

1. e4 d6 2. d4 g6 3. Nf3 Nf6 4. Nc3 Bg7 5. Bc4 O-O 6. O-O Bg4 7. h3 Bxf3 8.
Qxf3 Re8 9. Rd1 Nbd7 10. Bg5 h6 11. Bh4 e5 12. dxe5 Nxe5 13. Qe2 g5 14. Bg3
g4 15. Bxe5 dxe5 16. Rxd8 Raxd8 17. Rd1 Nd7 18. Qxg4 Nf6 19. Qf3 Nh5 20.
Rxd8 Rxd8 21. Qxf7+ Kh7 22. Qxh5 Rd2 23. Nd5 Rd1+ 24. Kh2 Re1 25. Qf7 Rxe4
26. Nf6+ Kh8 27. Qg8# { Black checkmated } 1-0

[Event "ICC tourney 2479 (75 10)"]
[Site "Internet Chess Club"]
[Date "2021.03.28"]
[Round "4"]
[White "Ramkumar, Nikhil:nikhilramkumar"]
[Black "Goldblatt, Steven:SGOLD9367"]
[Result "0-1"]
[ICCResult "White resigns"]
[WhiteElo "569"]
[BlackElo "1318"]
[Opening "French: advance variation"]
[ECO "C02"]
[NIC "FR.03"]
[Time "12:01:58"]
[PlyCount "86"]
[TimeControl "4500+10"]

1. e4 e6 2. d4 d5 3. e5 c5 4. c3 Qb6 5. Nf3 Nc6 6. Nbd2 cxd4 7. cxd4 Nxd4
8. Qa4+ Nc6 9. Bb5 Bd7 10. Nb3 Bb4+ 11. Ke2 Nge7 12. Be3 Qc7 13. Bxc6 Nxc6
14. Rac1 Qb8 15. Rxc6 bxc6 16. a3 Be7 17. Nbd4 Qxb2+ 18. Nd2 Qxa3 19. Qc2
c5 20. N4b3 Qa6+ 21. Kf3 d4 22. Bf4 Qb7+ 23. Kg3 Rc8 24. Rb1 Qd5 25. Rc1
Bc6 26. f3 g5 27. Bxg5 Bxg5 28. Kf2 Bh4+ 29. g3 Be7 30. Ne4 d3 31. Qc3 Rb8
32. Nbxc5 Bxc5+ 33. Qxc5 Qxc5+ 34. Nxc5 Rb2+ 35. Ke3 d2 36. Rd1 Ke7 37. Nd3
Rc2 38. Nb4 Rc4 39. Nd3 Rd8 40. Rxd2 Rc3 41. f4 Bb5 42. Kf3 Bxd3 43. Kg4
Bf5+ { White resigns } 0-1

[Event "ICC tourney 2479 (75 10)"]
[Site "Internet Chess Club"]
[Date "2021.03.28"]
[Round "4"]
[White "GUAN , TSZ YEUNG:DanielGuan"]
[Black "HELLER, JACK G:Maximusiv"]
[Result "1-0"]
[ICCResult "Black resigns"]
[WhiteElo "1280"]
[BlackElo "932"]
[Opening "Budapest: Adler variation"]
[ECO "A52"]
[NIC "QG.01"]
[Time "12:01:55"]
[PlyCount "31"]
[TimeControl "4500+10"]

1. d4 Nf6 2. c4 e5 3. dxe5 Ng4 4. Nf3 Bc5 5. e3 Nc6 6. Nc3 O-O 7. Be2 Ngxe5
8. Nd4 a5 9. O-O Ra6 10. Ne4 Ba7 11. c5 f5 12. Ng3 Bxc5 13. Bxa6 bxa6 14.
Ndxf5 Qg5 15. Qd5+ Kh8 16. Qxc5 { Black resigns } 1-0

[Event "ICC tourney 2479 (75 10)"]
[Site "Internet Chess Club"]
[Date "2021.03.28"]
[Round "4"]
[White "Singh, Saharsh:saharshsingh02"]
[Black "SRIPADA, ANISHA:waterycargo"]
[Result "0-1"]
[ICCResult "White checkmated"]
[WhiteElo "914"]
[BlackElo "1241"]
[Opening "French defense"]
[ECO "C00"]
[NIC "FR.01"]
[Time "12:02:06"]
[PlyCount "54"]
[TimeControl "4500+10"]

1. e4 e6 2. Nf3 d5 3. exd5 exd5 4. d4 Bd6 5. Bd3 Ne7 6. O-O O-O 7. c4 c6 8.
Qc2 Ng6 9. Ne5 Qc7 10. f4 Nd7 11. Nxg6 fxg6 12. Nc3 Bxf4 13. Bxf4 Rxf4 14.
Rxf4 Qxf4 15. cxd5 Qxd4+ 16. Kh1 cxd5 17. Rd1 Qe5 18. Nxd5 Nb6 19. Nc7 Rb8
20. Qb3+ Kh8 21. Qf7 Bg4 22. Rf1 Rg8 23. h3 Bd7 24. Bc4 Nxc4 25. Qxd7 Ne3
26. Rf7 Qxb2 27. Ne8 Qxg2# { White checkmated } 0-1

[Event "ICC tourney 2479 (75 10)"]
[Site "Internet Chess Club"]
[Date "2021.03.28"]
[Round "4"]
[White "RANA, OLIVER:oliver-kc"]
[Black "COVEY, THEODORE DEAN:VirginiaGuy"]
[Result "1/2-1/2"]
[ICCResult "White stalemated"]
[WhiteElo "882"]
[BlackElo "1218"]
[Opening "English opening"]
[ECO "D35"]
[NIC "EO.64"]
[Time "12:02:48"]
[PlyCount "124"]
[TimeControl "4500+10"]

1. c4 e6 2. Nc3 d5 3. cxd5 exd5 4. d4 Nf6 5. Nf3 Be7 6. e3 O-O 7. Bd3 Nbd7
8. O-O c6 9. Bd2 Re8 10. Qc2 Bd6 11. Ng5 Nf8 12. e4 dxe4 13. Ngxe4 Nxe4 14.
Nxe4 Bb8 15. Rfe1 Be6 16. Bg5 Qxd4 17. Be3 Qe5 18. Ng3 Qc7 19. Rac1 Qc8 20.
Bd4 Bxg3 21. fxg3 Bd5 22. Rxe8 Qxe8 23. Qc3 Ne6 24. Re1 Qf8 25. a3 Nxd4 26.
Qxd4 h6 27. Qe5 Be6 28. Qe4 g6 29. g4 Rd8 30. h4 Qc5+ 31. Kh1 Qd4 32. Qxd4
Rxd4 33. Be2 Re4 34. Kg1 Bxg4 35. Kf2 Rxe2+ 36. Rxe2 Bxe2 37. Kxe2 h5 38.
Kd3 Kg7 39. Kd4 Kf6 40. Kc5 Ke6 41. b4 f6 42. g3 g5 43. a4 gxh4 44. gxh4 f5
45. a5 f4 46. Kd4 Kf5 47. a6 b6 48. b5 c5+ 49. Kd5 f3 50. Kc6 f2 51. Kb7
f1=Q 52. Kxa7 Qxb5 53. Kb7 c4 54. a7 Qa5 55. Kc6 Qxa7 56. Kd5 c3 57. Kc4 c2
58. Kb5 c1=Q 59. Kb4 Qf4+ 60. Kb3 Qaa4+ 61. Kb2 Qae4 62. Ka1 Qf2 { White
stalemated } 1/2-1/2

[Event "ICC tourney 2479 (75 10)"]
[Site "Internet Chess Club"]
[Date "2021.03.28"]
[Round "4"]
[White "FINETTE, STEVEN:chess278"]
[Black "YANG, LUCAS:brawnykazoo"]
[Result "1-0"]
[ICCResult "Black checkmated"]
[WhiteElo "1323"]
[BlackElo "1098"]
[Opening "Réti: Nimzovich-Larsen attack"]
[ECO "A06"]
[NIC "QP.09"]
[Time "12:02:04"]
[PlyCount "67"]
[TimeControl "4500+10"]

1. Nf3 d5 2. b3 Nf6 3. Bb2 e6 4. e3 c5 5. Bb5+ Bd7 6. Bxd7+ Nbxd7 7. d3 Be7
8. O-O O-O 9. Nbd2 Rc8 10. c4 b6 11. Rc1 Re8 12. Ne5 Nxe5 13. Bxe5 Qd7 14.
Qf3 dxc4 15. Nxc4 Qxd3 16. Bxf6 Bxf6 17. Rfd1 Qg6 18. Nd6 Bb2 19. Rc4 Ba3
20. Nxc8 Rxc8 21. Rc3 h6 22. Rcd3 Bb2 23. Qb7 Rf8 24. Qxa7 e5 25. h3 c4 26.
bxc4 Qc6 27. Rd8 Rxd8 28. Rxd8+ Kh7 29. Qxf7 Qe4 30. Qg8+ Kg6 31. Rd6+ Kh5
32. Qxg7 Qb1+ 33. Kh2 Qf5 34. Rxh6# { Black checkmated } 1-0

[Event "ICC tourney 2479 (75 10)"]
[Site "Internet Chess Club"]
[Date "2021.03.28"]
[Round "4"]
[White "MADSEN, STUART:gmstuartscott"]
[Black "Brown, Rodney:bonaparte1984"]
[Result "0-1"]
[ICCResult "White resigns"]
[WhiteElo "981"]
[BlackElo "1273"]
[Opening "King's Indian, 3.Nf3"]
[ECO "E60"]
[NIC "QP.06"]
[Time "12:02:04"]
[PlyCount "104"]
[TimeControl "4500+10"]

1. d4 Nf6 2. Nf3 g6 3. c4 Bg7 4. Bf4 d6 5. Nc3 O-O 6. e3 Nh5 7. Be2 Nxf4 8.
O-O Nxe2+ 9. Qxe2 Re8 10. Rad1 c6 11. h3 Nd7 12. b3 e5 13. dxe5 Nxe5 14.
Nxe5 Bxe5 15. Ne4 Bh2+ 16. Kh1 Rxe4 17. Kxh2 Qc7 18. Kg1 b6 19. Qf3 Re6 20.
Qf4 Qe7 21. h4 h5 22. g3 Bb7 23. c5 dxc5 24. a4 b5 25. a5 Re4 26. Qd6 Kf8
27. Qd3 Ke8 28. Qc3 Qe5 29. Qe1 Bc8 30. Kg2 Rb4 31. Qd2 Be6 32. Rfe1 Qd5+
33. e4 Qxd2 34. Rxd2 Rd8 35. Rxd8+ Kxd8 36. Rc1 c4 37. bxc4 Rxc4 38. Rd1+
Ke7 39. Re1 Ra4 40. Rc1 Bc4 41. e5 Rxa5 42. Rd1 Bd5+ 43. Kh2 Ra2 44. Kg1 a5
45. Kf1 a4 46. Ke1 Ke6 47. f4 Rh2 48. Rd4 a3 49. Rb4 a2 50. Rd4 a1=Q+ 51.
Rd1 Rh1+ 52. Ke2 Qxd1+ { White resigns } 0-1

[Event "ICC tourney 2479 (75 10)"]
[Site "Internet Chess Club"]
[Date "2021.03.28"]
[Round "4"]
[White "Button, Zach Ellis:zbutton"]
[Black "HUA, OLIVER:oxdidi"]
[Result "1/2-1/2"]
[ICCResult "Game drawn by repetition"]
[WhiteElo "1316"]
[BlackElo "993"]
[Opening "King's Indian: 5.Nf3"]
[ECO "E90"]
[NIC "KI.21"]
[Time "12:02:02"]
[PlyCount "88"]
[TimeControl "4500+10"]

1. c4 Nf6 2. d4 g6 3. Nc3 Bg7 4. Nf3 d6 5. e4 O-O 6. Bf4 Nbd7 7. Qd2 b6 8.
Bh6 Bb7 9. Bxg7 Kxg7 10. d5 Nc5 11. Bd3 Qd7 12. O-O e6 13. Rfe1 Rfe8 14. b4
Nxd3 15. Qxd3 exd5 16. exd5 c6 17. dxc6 Qxc6 18. Rxe8 Rxe8 19. b5 Qc5 20.
Nd2 Ng4 21. Nce4 Bxe4 22. Nxe4 Qe5 23. Qc3 Qxc3 24. Nxc3 Rc8 25. Ne4 Rxc4
26. Nxd6 Rc2 27. f3 Ne3 28. g3 Nc4 29. Nc8 Nd2 30. Nxa7 Nxf3+ 31. Kf1 Rxh2
32. Rd1 Rxa2 33. Nc8 Rb2 34. Rd5 Nd2+ 35. Ke2 Ne4+ 36. Kd3 Nxg3 37. Nxb6 h5
38. Nc4 Rb1 39. b6 h4 40. Kc2 Rb4 41. Kc3 Rb1 42. Kc2 Rb4 43. Kc3 Rb1 44.
Kc2 Rb4 { Game drawn by repetition } 1/2-1/2

[Event "ICC tourney 2479 (75 10)"]
[Site "Internet Chess Club"]
[Date "2021.03.28"]
[Round "4"]
[White "STORCK, PHILIP:Pip04"]
[Black "STALEY, TIMOTHY:PirateKing"]
[Result "1/2-1/2"]
[ICCResult "Game drawn by mutual agreement"]
[WhiteElo "1168"]
[BlackElo "864"]
[Opening "Queen's pawn, Mason variation"]
[ECO "D00"]
[NIC "QP.08"]
[Time "12:01:56"]
[PlyCount "58"]
[TimeControl "4500+10"]

1. d4 d5 2. Bf4 Nf6 3. e3 Bd7 4. Nf3 e6 5. Bd3 Bd6 6. Ne5 Nc6 7. O-O Qe7 8.
Nd2 O-O-O 9. c4 dxc4 10. Ndxc4 Nb4 11. Nxd6+ cxd6 12. Rc1+ Kb8 13. Nc4 Nxd3
14. Bxd6+ Qxd6 15. Nxd6 Nxc1 16. Qxc1 Rhf8 17. Qc4 Bc6 18. Qb4 Nd5 19. Qa3
Rd7 20. b4 a6 21. Nc4 Bb5 22. Nb6 Nxb6 23. Rc1 Nc4 24. Qb3 Rc7 25. a4 Nd2
26. Qa3 Rxc1+ 27. Qxc1 Nb3 28. Qa3 Rc8 29. h3 Bc4 { Game drawn by mutual
agreement } 1/2-1/2

[Event "ICC tourney 2479 (75 10)"]
[Site "Internet Chess Club"]
[Date "2021.03.28"]
[Round "4"]
[White "HAUGHT-TROMP, MATTHEW:MatthewHT"]
[Black "PRABHU, VARUN:varunprabhu"]
[Result "1-0"]
[ICCResult "Black checkmated"]
[WhiteElo "1037"]
[BlackElo "699"]
[Opening "Giuoco Piano"]
[ECO "C50"]
[NIC "IG.02"]
[Time "12:02:03"]
[PlyCount "37"]
[TimeControl "4500+10"]

1. e4 e5 2. Nf3 Nc6 3. Bc4 Bc5 4. O-O Nf6 5. c3 a5 6. d4 Bd6 7. Bg5 O-O 8.
dxe5 Bxe5 9. Nxe5 Nxe5 10. Bb3 b5 11. f4 Qe7 12. fxe5 Qxe5 13. Bxf6 gxf6
14. Rf3 Kh8 15. Qf1 Rg8 16. Rxf6 Qxe4 17. Rxf7 Bb7 18. Qf6+ Rg7 19. Qxg7# {
Black checkmated } 1-0

[Event "ICC tourney 2479 (75 10)"]
[Site "Internet Chess Club"]
[Date "2021.03.28"]
[Round "4"]
[White "LI, BOYANG:McTiger"]
[Black "SHARMA, ABDD:catseyenebula"]
[Result "1-0"]
[ICCResult "Black checkmated"]
[WhiteElo "1361"]
[BlackElo "1369"]
[Opening "French: Tarrasch, closed variation, main line"]
[ECO "C06"]
[NIC "FR.17"]
[Time "12:02:06"]
[PlyCount "67"]
[TimeControl "4500+10"]

1. e4 e6 2. d4 d5 3. Nd2 Nf6 4. e5 Nfd7 5. Bd3 c5 6. c3 Nc6 7. Ne2 cxd4 8.
cxd4 f6 9. exf6 Qxf6 10. O-O Bd6 11. Nf3 h6 12. Ng3 O-O 13. Bc2 Rd8 14. Re1
Nf8 15. Ne5 Bd7 16. Nh5 Qh4 17. Re3 Be8 18. Nxg7 Kxg7 19. Rg3+ Kh8 20. Nxc6
bxc6 21. Rh3 Qe7 22. Bxh6 Nh7 23. Bxh7 Qxh7 24. Bg5 Rd7 25. Qg4 Be7 26.
Rxh7+ Kxh7 27. Qh4+ Kg8 28. Bxe7 Bg6 29. Re1 Re8 30. Rxe6 Bf7 31. Qg5+ Bg6
32. Qxg6+ Kh8 33. Bf6+ Rg7 34. Qxg7# { Black checkmated } 1-0

[Event "ICC tourney 2479 (75 10)"]
[Site "Internet Chess Club"]
[Date "2021.03.28"]
[Round "4"]
[White "McQuillin, Danil Alsandair:DanilMcQuillin"]
[Black "WANG, ALAN:alanwangmd"]
[Result "1/2-1/2"]
[ICCResult "Game drawn because neither player has mating material"]
[WhiteElo "1193"]
[BlackElo "1340"]
[Opening "English: four knights, kingside fianchetto"]
[ECO "A29"]
[NIC "EO.03"]
[Time "12:01:58"]
[PlyCount "176"]
[TimeControl "4500+10"]

1. c4 e5 2. Nc3 Nc6 3. Nf3 Nf6 4. g3 d5 5. cxd5 Nxd5 6. Bg2 Nxc3 7. bxc3
Bc5 8. O-O O-O 9. Rb1 Rb8 10. d3 Bb6 11. Bb2 Be6 12. c4 f6 13. Qd2 Qe7 14.
Rbc1 Rfd8 15. Rfd1 a6 16. Qc2 Bc5 17. e3 Bg4 18. h3 Bxf3 19. Bxf3 Nb4 20.
Qb3 Nc6 21. Bd5+ Kh8 22. d4 exd4 23. exd4 Ba7 24. Qf3 Qd7 25. Bc3 Qxh3 26.
Bxc6 bxc6 27. Qxc6 Qd7 28. Qxa6 Ra8 29. Qb5 Qxb5 30. cxb5 Bb6 31. Ra1 Ra3
32. Bb4 Ra4 33. Bc5 Kg8 34. Bxb6 cxb6 35. d5 Rd6 36. Rac1 Kf8 37. Rc6 Ke7
38. Rc7+ Kf8 39. Rc6 Ke7 40. Rc7+ Kf8 41. Rb7 Rxa2 42. Rc1 Ra8 43. Rcc7
Rxd5 44. Rf7+ Kg8 45. Rxg7+ Kh8 46. Rxh7+ Kg8 47. Rbg7+ Kf8 48. Rd7 Rxd7
49. Rxd7 Ra5 50. Rd5 Ke7 51. Kg2 Ke6 52. Rh5 Ra3 53. f3 Rb3 54. g4 Kf7 55.
Kg3 Kg6 56. Rd5 Rb4 57. f4 Kf7 58. g5 fxg5 59. Rxg5 Kf6 60. Rd5 Ke6 61. Rh5
Kf7 62. Kg4 Kg6 63. Rd5 Kf7 64. Kf5 Ke7 65. Kg5 Rb1 66. f5 Rg1+ 67. Kf4
Rf1+ 68. Ke3 Rb1 69. Kd2 Kf6 70. Rd6+ Kxf5 71. Rxb6 Ke5 72. Kc2 Rb4 73. Kc3
Rb1 74. Kc4 Rc1+ 75. Kb4 Rb1+ 76. Ka4 Ra1+ 77. Kb3 Rb1+ 78. Ka2 Rb4 79. Ka3
Rb1 80. Rb8 Kd6 81. Rd8+ Kc7 82. Rd5 Kb6 83. Ka4 Ra1+ 84. Kb3 Rb1+ 85. Kc4
Rc1+ 86. Kb4 Rb1+ 87. Kc3 Rxb5 88. Rxb5+ Kxb5 { Game drawn because neither
player has mating material } 1/2-1/2

[Event "ICC tourney 2479 (75 10)"]
[Site "Internet Chess Club"]
[Date "2021.03.28"]
[Round "4"]
[White "DHANANJEYAN, TARUN:sudhaparthi"]
[Black "Hawkins, Russell:ThatGuyRussell"]
[Result "0-1"]
[ICCResult "White checkmated"]
[WhiteElo "1104"]
[BlackElo "1127"]
[Opening "Queen's pawn game"]
[ECO "D00"]
[NIC "QP.07"]
[Time "12:01:55"]
[PlyCount "118"]
[TimeControl "4500+10"]

1. d4 Nf6 2. Nc3 d5 3. Nf3 b6 4. Bf4 c5 5. Nb5 Na6 6. e3 g6 7. Ne5 Bg7 8.
Bd3 c4 9. Be2 Bd7 10. a4 O-O 11. Bf3 Bxb5 12. axb5 Nc7 13. Nc6 Qd7 14. Bxc7
Qxc7 15. e4 Nxe4 16. Bxe4 dxe4 17. Qe2 a6 18. Qxe4 Rfe8 19. Rxa6 Qb7 20.
Rxa8 Qxa8 21. O-O e6 22. Ne7+ Kf8 23. Qxa8 Rxa8 24. Nc6 Ra2 25. Rb1 Ke8 26.
Kf1 Kd7 27. Ke2 c3 28. bxc3 Rxc2+ 29. Kd3 Rxf2 30. Rg1 Kd6 31. h3 e5 32. g4
exd4 33. cxd4 Rf3+ 34. Ke4 Rxh3 35. Rf1 f5+ 36. gxf5 Rh4+ 37. Rf4 Rxf4+ 38.
Kxf4 gxf5 39. Ke3 h5 40. Kf4 h4 41. Kf3 Bf6 42. Kg2 Kd5 43. Kh3 Kc4 44. Kh2
Kxb5 45. d5 Kc5 46. Nb8 Be5+ 47. Kh3 Bxb8 48. Kxh4 Kxd5 49. Kg5 f4 50. Kg4
b5 51. Kf3 b4 52. Ke2 b3 53. Kd2 f3 54. Kc3 f2 55. Kxb3 f1=Q 56. Kc3 Qd1
57. Kb2 Be5+ 58. Ka3 Kc4 59. Ka2 Qb3# { White checkmated } 0-1

[Event "ICC tourney 2479 (75 10)"]
[Site "Internet Chess Club"]
[Date "2021.03.28"]
[Round "4"]
[White "MANTRI, RISHAB SAI:Rishabmantri"]
[Black "FENG, AARON:aaronfeng"]
[Result "1-0"]
[ICCResult "Black checkmated"]
[WhiteElo "901"]
[BlackElo "1094"]
[Opening "Scotch: Schmidt variation"]
[ECO "C45"]
[NIC "SO.04"]
[Time "12:02:01"]
[PlyCount "165"]
[TimeControl "4500+10"]

1. e4 e5 2. Nf3 Nc6 3. d4 exd4 4. Nxd4 Nf6 5. Nc3 Bb4 6. Bg5 d6 7. Bb5 Bd7
8. O-O Bxc3 9. bxc3 Nxd4 10. Bxd7+ Qxd7 11. cxd4 Qg4 12. Qxg4 Nxg4 13. f3
h6 14. Bd2 Nf6 15. c4 c5 16. d5 O-O 17. a4 Rfd8 18. a5 b6 19. Rfb1 bxa5 20.
Rxa5 Nd7 21. Ra6 Ne5 22. Ra4 f6 23. Kf2 g5 24. Ke3 Rd7 25. Bc3 Kf7 26. g3
Kg6 27. h3 h5 28. f4 Nf7 29. Rf1 g4 30. hxg4 hxg4 31. Rh1 f5 32. e5 Re7 33.
e6 a6 34. Ra2 Nd8 35. Rah2 Nxe6 36. Rh6+ Kf7 37. Rf6+ Kg8 38. Rxe6 Rh7 39.
Rg6+ Kf7 40. Rf6+ Kg8 41. Rxh7 Kxh7 42. Rxd6 Kg8 43. Rd7 Kf8 44. Kd3 Ke8
45. Rh7 Rd8 46. Rh8+ Kd7 47. Rxd8+ Kxd8 48. Bd4 cxd4 49. Kxd4 Kd7 50. c5
Kc7 51. Kc4 Kd7 52. Kb4 Kc7 53. Ka5 Kb7 54. d6 Kc6 55. Kxa6 Kd7 56. Kb7 Ke6
57. c6 Kxd6 58. c7 Kd5 59. c8=Q Ke4 60. Qe6+ Kf3 61. Qxf5 Kxg3 62. Qd3+
Kxf4 63. Qf1+ Kg3 64. Qg1+ Kf3 65. Kc6 g3 66. Kd5 Kf4 67. Qg2 Kg4 68. Ke4
Kg5 69. Qxg3+ Kf6 70. Qg4 Kf7 71. Qg5 Ke6 72. Qg6+ Ke7 73. Qf5 Kd6 74. Qe5+
Kc6 75. Qd4 Kc7 76. Qd5 Kb6 77. Qc4 Kb7 78. Qc5 Ka6 79. Qb4 Ka7 80. Qb5 Ka8
81. Kd5 Ka7 82. Kc6 Ka8 83. Qb7# { Black checkmated } 1-0

[Event "ICC tourney 2479 (75 10)"]
[Site "Internet Chess Club"]
[Date "2021.03.28"]
[Round "5"]
[White "Singh, Saharsh:saharshsingh02"]
[Black "Wu, Terrain:Brainstormer"]
[Result "0-1"]
[ICCResult "White checkmated"]
[WhiteElo "914"]
[BlackElo "605"]
[Opening "Sicilian: Cortlever (Alatortsev) variation"]
[ECO "B53"]
[NIC "SI.01"]
[Time "15:31:23"]
[PlyCount "56"]
[TimeControl "4500+10"]

1. e4 c5 2. Nf3 d6 3. d4 Nf6 4. Bg5 Nxe4 5. dxc5 Nxc5 6. Bc4 h6 7. Bc1 e6
8. O-O Be7 9. b4 Bf6 10. c3 Ne4 11. Bb5+ Bd7 12. Bxd7+ Qxd7 13. Qc2 d5 14.
Rd1 Qd8 15. Ba3 Qc8 16. Rd3 O-O 17. b5 Rd8 18. Nbd2 Nxc3 19. Qb3 Ne2+ 20.
Kf1 Bxa1 21. Be7 Nc1 22. Qb1 Nxd3 23. Bxd8 Qxd8 24. Qxd3 Bf6 25. Ne4 dxe4
26. Qxe4 Qd1+ 27. Ne1 Bc3 28. Qxb7 Qxe1# { White checkmated } 0-1

[Event "ICC tourney 2479 (75 10)"]
[Site "Internet Chess Club"]
[Date "2021.03.28"]
[Round "5"]
[White "Ramkumar, Nikhil:nikhilramkumar"]
[Black "HAUGHT-TROMP, MATTHEW:MatthewHT"]
[Result "1-0"]
[ICCResult "Black resigns"]
[WhiteElo "569"]
[BlackElo "1037"]
[Opening "Philidor's defense"]
[ECO "C41"]
[NIC "KP.10"]
[Time "15:32:14"]
[PlyCount "35"]
[TimeControl "4500+10"]

1. e4 e5 2. Nf3 d6 3. Nc3 Nf6 4. Bc4 Be7 5. h3 O-O 6. d3 Be6 7. Bb3 Nbd7 8.
Be3 c6 9. g4 h6 10. Nh2 Qc7 11. h4 Nh7 12. Qd2 Bxh4 13. Nf3 Be7 14. g5 hxg5
15. Nxg5 Nhf6 16. Bxe6 Qd8 17. Bxf7+ Rxf7 18. Rh8+ { Black resigns } 1-0

[Event "ICC tourney 2479 (75 10)"]
[Site "Internet Chess Club"]
[Date "2021.03.28"]
[Round "5"]
[White "KAMATH, ABHAY:Altra26"]
[Black "STALEY, TIMOTHY:PirateKing"]
[Result "0-1"]
[ICCResult "White resigns"]
[WhiteElo "357"]
[BlackElo "864"]
[Opening "Réti: King's Indian attack (Barcza system)"]
[ECO "A07"]
[NIC "VO.09"]
[Time "15:31:30"]
[PlyCount "40"]
[TimeControl "4500+10"]

1. g3 d5 2. Nf3 Nc6 3. Bg2 Bf5 4. O-O Nf6 5. Re1 e6 6. Nc3 Bd6 7. d3 h6 8.
Nd2 Qd7 9. e4 dxe4 10. dxe4 Bh7 11. Bh3 Bc5 12. Rf1 O-O-O 13. Qe2 Qe7 14.
e5 Nd5 15. Nxd5 Rxd5 16. Bg2 Rxe5 17. Qb5 Bxf2+ 18. Kh1 Rxb5 19. c4 Rf5 20.
Bh3 Rf6 { White resigns } 0-1

[Event "ICC tourney 2479 (75 10)"]
[Site "Internet Chess Club"]
[Date "2021.03.28"]
[Round "5"]
[White "HUA, OLIVER:oxdidi"]
[Black "SRIPADA, ANISHA:waterycargo"]
[Result "1-0"]
[ICCResult "Black checkmated"]
[WhiteElo "993"]
[BlackElo "1241"]
[Opening "French: advance, Euwe variation"]
[ECO "C02"]
[NIC "FR.03"]
[Time "15:31:23"]
[PlyCount "119"]
[TimeControl "4500+10"]

1. e4 e6 2. d4 d5 3. e5 c5 4. c3 Nc6 5. Nf3 Bd7 6. Nbd2 Nge7 7. Nb3 cxd4 8.
cxd4 Ng6 9. Bg5 Be7 10. Bxe7 Qxe7 11. Bb5 O-O 12. O-O Rac8 13. Nc5 b6 14.
Nxd7 Qxd7 15. Qd2 Qb7 16. Rad1 Rc7 17. Bd3 Nce7 18. Rc1 Rfc8 19. Rxc7 Rxc7
20. Rc1 Qc8 21. Rxc7 Qxc7 22. h3 h6 23. Qc2 Qxc2 24. Bxc2 Kf8 25. Kf1 Ke8
26. Ba4+ Kd8 27. Ke2 Kc7 28. Kd3 Nf5 29. g3 Nfe7 30. Kc3 a5 31. b4 Nc6 32.
b5 Nce7 33. g4 Nf8 34. Nd2 Kd7 35. f4 Neg6 36. f5 exf5 37. gxf5 Ne7 38. Bb3
Nh7 39. h4 Nxf5 40. Bxd5 Nxh4 41. Bxf7 g5 42. e6+ Ke7 43. Nc4 g4 44. d5 g3
45. d6+ Kf6 46. Ne3 Ng5 47. Nd5+ Ke5 48. e7 g2 49. e8=Q+ Kf5 50. Ne3+ Kf4
51. Nxg2+ Nxg2 52. d7 Ne4+ 53. Kb2 Nd6 54. Qe6 Nxf7 55. Qxf7+ Kg5 56. d8=Q+
Kg4 57. Qdg8+ Kh4 58. Qf2+ Kh5 59. Qfxg2 Kh4 60. Qh1# { Black checkmated }
1-0

[Event "ICC tourney 2479 (75 10)"]
[Site "Internet Chess Club"]
[Date "2021.03.28"]
[Round "5"]
[White "YANG, LUCAS:brawnykazoo"]
[Black "STORCK, PHILIP:Pip04"]
[Result "1-0"]
[ICCResult "Black resigns"]
[WhiteElo "1098"]
[BlackElo "1168"]
[Opening "Scandinavian defense"]
[ECO "B01"]
[NIC "SD.03"]
[Time "15:31:28"]
[PlyCount "38"]
[TimeControl "4500+10"]

1. e4 d5 2. exd5 Nf6 3. Nc3 Nxd5 4. d4 Bf5 5. Nxd5 Qxd5 6. Nf3 Nc6 7. Be2
Nb4 8. c4 Nc2+ 9. Qxc2 O-O-O 10. Qc3 Qd7 11. O-O e6 12. Bf4 Bd6 13. Bxd6
Qxd6 14. Ne5 Qe7 15. Bf3 h5 16. Qb3 c6 17. Rac1 Rxd4 18. Bxc6 bxc6 19. Nxc6
Qd6 { Black resigns } 1-0

[Event "ICC tourney 2479 (75 10)"]
[Site "Internet Chess Club"]
[Date "2021.03.28"]
[Round "5"]
[White "procopio, Patti:prostripe"]
[Black "MADSEN, STUART:gmstuartscott"]
[Result "1-0"]
[ICCResult "Black resigns"]
[WhiteElo "1223"]
[BlackElo "981"]
[Opening "QGD Slav: 4.Nc3"]
[ECO "D15"]
[NIC "SL.03"]
[Time "15:31:30"]
[PlyCount "69"]
[TimeControl "4500+10"]

1. d4 d5 2. Nf3 Nf6 3. c4 c6 4. Nc3 Bf5 5. Bf4 Nbd7 6. Qb3 Qc8 7. e3 e6 8.
Be2 Be7 9. O-O Nf8 10. h3 Ng6 11. Bh2 O-O 12. cxd5 Nxd5 13. Nxd5 exd5 14.
Bd3 Bxh3 15. gxh3 Qxh3 16. Bxg6 fxg6 17. Ne5 Bd6 18. f4 Bxe5 19. dxe5 Rf5
20. e4 Qg4+ 21. Qg3 Qxg3+ 22. Bxg3 dxe4 23. Rae1 Rd8 24. Rxe4 Rd2 25. Rf2
Rd3 26. Kg2 h6 27. e6 Rd1 28. e7 Rh5 29. e8=Q+ Kh7 30. Re1 Rdd5 31. Re5
Rdxe5 32. fxe5 Rg5 33. e6 Rg4 34. e7 Re4 35. Qd7 { Black resigns } 1-0